 Dungeon Crawl Stone Soup version 0.30.0-17-ge0270778cf (webtiles) character file.

Game seed: 9726725562807964787

66 javelincjr the Firebug (level 3, -2/24 HPs)
             Began as a Demonspawn Fire Elementalist on May 22, 2023.
             Slain by a sleepcap (6 damage)
             ... on level 3 of the Dungeon.
             The game lasted 00:07:23 (2817 turns).

javelincjr the Firebug (DsFE)                       Turns: 2817, Time: 00:07:24

Health: -2/24      AC:  4    Str:  8    XL:     3   Next: 96%
Magic:  1/6        EV:  2    Int: 18    God:
Gold:   149        SH:  0    Dex: 13    Spells: 5/6 levels left

rFire   . . .        o - +2 dagger (flame)
rCold   . . .        (no shield)
rNeg    . . .        a - +0 robe
rPois   .            (no helmet)
rElec   .            (no cloak)
rCorr   .            s - +1 pair of gloves
SInv    .            (no boots)
Will    .....        (no amulet)
Stlth   ++           (no ring)
HPRegen 0.24/turn    (no ring)
MPRegen 0.10/turn

%: no passive effects
@: sleeping
A: powered by pain 2
a: no special abilities


You were on level 3 of the Dungeon.
You visited 1 branch of the dungeon, and saw 3 of its levels.

You collected 149 gold pieces.

Inventory:

Hand Weapons
 o - a +2 dagger of flaming (weapon)
Armour
 a - a +0 robe (worn)
 s - a +1 pair of gloves (worn)
Scrolls
 c - a scroll of immolation {unknown}
 e - a scroll of poison {unknown}
 h - 2 scrolls of vulnerability {unknown}
 i - a scroll of fear {unknown}
 j - 2 scrolls of magic mapping {unknown}
 k - a scroll of teleportation {unknown}
 n - 4 scrolls of identify {unknown}
 p - 2 scrolls of amnesia {unknown}
 u - a scroll of fog {unknown}
Potions
 b - a potion of magic
 d - 2 potions of mutation {unknown}
 f - a potion of attraction {unknown}
 g - a potion of invisibility {unknown}
 l - a potion of heal wounds {unknown}
 m - a potion of cancellation {unknown}
 q - a potion of ambrosia {unknown}
 r - 3 potions of curing {unknown}
 t - a potion of resistance {unknown}


   Skills:
 + Level 0.1 Fighting
 + Level 2.3 Dodging
 + Level 2.4 Stealth
 + Level 2.4 Spellcasting
 + Level 1.8 Conjurations
 + Level 3.1 Fire Magic


You had 5 spell levels left.
You knew the following spells:

 Your Spells              Type           Power      Damage    Failure   Level
a - Foxfire               Conj/Fire      44%        2x1d6     6%          1

Your spell library contained the following spells:

 Spells                   Type           Power      Damage    Failure   Level
 Scorch                   Fire           26%        2d6       7%          2
 Inner Flame              Hex/Fire       7%         N/A       26%         3
 Volatile Blastmotes      Fire/Tloc      14%        2d11      26%         3
 Vhi's Electric Charge    Tloc/Air       4%         N/A       45%         3
 Flame Wave               Conj/Fire      11%        2d6       52%         4
 Arcjolt                  Conj/Air       2%         1d12      97%         5
 Plasma Beam              Fire/Air       3%         2x1d15    100%        6
 Summon Cactus Giant      Summ           1%         N/A       100%        6


Dungeon Overview and Level Annotations

Branches:
Dungeon (3/15)

Altars:
Hepliaklqana

Shops:
D:1 !


Innate Abilities, Weirdness & Mutations

You sometimes gain power by taking damage.


Message History

The foxfire hits the sleepcap but does no damage.
The sleepcap is moderately damaged.
The sleepcap closely misses you.
You conjure some foxfire!
The foxfire hits the sleepcap.
The sleepcap is moderately damaged.
The sleepcap barely misses you.
You conjure some foxfire!
The foxfire hits the sleepcap.
The sleepcap is heavily damaged.
The foxfire hits the sleepcap but does no damage.
The sleepcap is heavily damaged.
The foxfire hits the sleepcap but does no damage.
The sleepcap is heavily damaged.
The sleepcap releases spores at you.
You are engulfed in a cloud of soporific spores!
You fall asleep.
The foxfire hits the sleepcap.
The sleepcap is heavily damaged.
The sleepcap releases spores at you!
You wake up.
You are engulfed in a cloud of soporific spores!
You are unaffected.
You are too injured to fight recklessly!
You are too injured to fight recklessly!
You are too injured to fight recklessly!
You hit the sleepcap. You burn the sleepcap.
The sleepcap is heavily damaged.
The sleepcap releases spores at you but does no damage.
You hit the sleepcap. You burn the sleepcap.
The sleepcap is severely damaged.
The sleepcap releases spores at you.
* * * LOW HITPOINT WARNING * * *
You are engulfed in a cloud of soporific spores!
You are unaffected.
You hit the sleepcap. You burn the sleepcap.
The sleepcap is almost destroyed.
The sleepcap releases spores at you.
* * * LOW HITPOINT WARNING * * *
You are engulfed in a cloud of soporific spores!
You fall asleep.
The sleepcap releases spores at you.
You die...

#[... #.............
#.#.. #.............
#.##. #.............
..... ##.............#
##.###
#..[............####.###
#...........#.#.......
#..f....#.#.#.)..... #
#@.†#.#.#.#.......
#.#.#.#.#.#.#.......
#.#.#.#.#.#.#....... #
#.#...#[#.#..##.####
#.#.......#.#...#.#...
..#...........#.#.#.#.##
........##......#......#
.#.###########.####.#..#
<. #.# #.#...


You could see a sleepcap.

Vanquished Creatures
  3 gnolls (D:2)
  A dart slug (D:1)
  5 endoplasms
  A giant cockroach (D:2)
  3 goblins
  2 hobgoblins
  5 kobolds
  2 quokkas
  6 ball pythons
  2 bats
  3 frilled lizards
  3 rats
  3 butterflies (D:1)
39 creatures vanquished.

Vanquished Creatures (collateral kills)
  2 foxfires (D:1)
2 creatures vanquished.

Vanquished Creatures (others)
  140 foxfires
140 creatures vanquished.

Grand Total: 181 creatures vanquished

Notes
Turn   | Place    | Note
-------+----------+-------------------------------------------
     0 | D:1      | javelincjr the Demonspawn Fire Elementalist began the quest
                  | for the Orb.
     0 | D:1      | Reached XP level 1. HP: 13/13 MP: 3/3
   137 | D:1      | Found Nogimah's Distillery.
   376 | D:1      | Gained mutation: You sometimes gain a little power by
                  | taking damage. [demonic ancestry]
   376 | D:1      | Reached XP level 2. HP: 19/19 MP: 1/5
  1431 | D:2      | Reached skill level 3 in Fire Magic
  1431 | D:2      | Gained mutation: You sometimes gain power by taking damage.
                  | [demonic ancestry]
  1431 | D:2      | Reached XP level 3. HP: 16/24 MP: 0/6
  2490 | D:3      | Found a hazy altar of Hepliaklqana.
  2817 | D:3      | Slain by a sleepcap

Illustrated notes

Levels and vault maps discovered:
D:1:      spicycebolla_arrival_clurvy, layout_loops_corners, serial_shops, shop,
          roderic_lattice_a
D:2:      layout_basic, bh_walls_and_bars
D:3:      layout_basic, overflow_temple_1_default, minmay_misc_feat_more_columns

Skill      XL: |  1  2 |
---------------+-------+-----
Stealth        | 2 |  2.4
Dodging        | 2 |  2.3
Fire Magic     | 3 |  3.1
Fighting       | |  0.1
Spellcasting   | |  2.4
Conjurations   | |  1.8

Action                     || total
---------------------------++-------
  Melee: Unarmed           ||    10
         Dagger            ||    10
   Cast: Foxfire           ||    84
   Stab: Sleeping          ||     1
 Armour: Robe              ||     5
  Dodge: Dodged            ||    17
